 Dungeon Crawl Stone Soup version 0.23-a0-573-g25f4479 (webtiles) character file.

212 zishaf the Magician (level 5, -3/37 HPs)
             Began as a Gnoll Wizard on Dec 13, 2018.
             Was a Follower of Elyvilon.
             Killed by nerve-wracking pain
             ... invoked by Grinder
              (11 damage)
             ... while paralysed by Grinder
             ... on level 3 of the Dungeon.
             The game lasted 00:06:35 (2351 turns).

zishaf the Magician (Gnoll Wizard)                  Turns: 2351, Time: 00:06:35

Health: -3/37      AC:  3    Str:  9    XL:     5   Next: 89%
Magic:  1/14       EV:  2    Int: 22    God:    Elyvilon [*.....]
Gold:   60         SH:  0    Dex: 13    Spells: 7/18 levels left

rFire    . . .     SeeInvis .     - Unarmed
rCold    . . .     Gourm    .   (no shield)
rNeg     . . .     Faith    .   f - +0 leather armour
rPois    .         Spirit   .   b - +0 hat
rElec    .         Reflect  .   (no cloak)
rCorr    .         Harm     .   (no gloves)
MR       .....                  (no boots)
Stlth    ++........             (no amulet)
HPRegen  0.12/turn              (no ring)
MPRegen  0.14/turn              (no ring)

@: paralysed
A: distributed training, fangs 1, strong nose
a: Lesser Healing, Divine Protection, Renounce Religion


You were on level 3 of the Dungeon.
You worshipped Elyvilon.
Elyvilon was aware of your devotion.
You were not hungry.

You visited 1 branch of the dungeon, and saw 3 of its levels.

You collected 60 gold pieces.

Inventory:

Armour
 a - a +0 robe
 b - a +0 hat (worn)
 f - a +0 leather armour (worn)
Scrolls
 g - 2 scrolls of remove curse {unknown}
 i - 2 scrolls of teleportation {unknown}
 k - 2 scrolls of identify {unknown}
 l - 3 scrolls of random uselessness {unknown}
 m - a scroll of enchant armour {unknown}
 o - a scroll of enchant weapon {unknown}
 q - 2 scrolls of magic mapping {unknown}
Potions
 e - 4 potions of flight {unknown}
 h - a potion of berserk rage {unknown}
 j - a potion of curing {unknown}
 n - a potion of haste {unknown}
 p - a potion of lignification {unknown}
Comestibles
 c - a chunk of flesh
 d - 7 rations


   Skills:
 + Level 1.6 Fighting
 + Level 1.6 Short Blades
 + Level 1.6 Long Blades
 + Level 1.6 Axes
 + Level 1.6 Maces & Flails
 + Level 1.6 Polearms
 + Level 1.6 Staves
 + Level 1.6 Slings
 + Level 1.6 Bows
 + Level 1.6 Crossbows
 + Level 1.6 Throwing
 + Level 1.6 Armour
 + Level 4.8 Dodging
 + Level 4.4 Stealth
 + Level 1.6 Shields
 + Level 1.6 Unarmed Combat
 + Level 7.3 Spellcasting
 + Level 2.4 Conjurations
 + Level 1.3 Hexes
 + Level 1.3 Charms
 + Level 2.4 Summonings
 + Level 1.3 Necromancy
 + Level 2.4 Translocations
 + Level 1.3 Transmutations
 + Level 1.3 Fire Magic
 + Level 1.3 Ice Magic
 + Level 1.3 Air Magic
 + Level 1.3 Earth Magic
 + Level 1.3 Poison Magic
 + Level 1.8 Invocations
 + Level 1.6 Evocations


You had 7 spell levels left.
You knew the following spells:

 Your Spells              Type           Power        Failure   Level  Hunger
a - Magic Dart            Conj           ###.         4%          1    None
b - Call Imp              Summ           ###.....     6%          2    None
c - Blink                 Tloc           N/A          6%          2    None
d - Conjure Flame         Conj/Fire      ###.....     16%         3    None
e - Mephitic Cloud        Conj/Pois/Air  ###.....     16%         3    None

Your spell library contained the following spells:

 Spells                   Type           Power        Failure   Level  Hunger
 Slow                     Hex            ##......     10%         2    None


Dungeon Overview and Level Annotations

Branches:
Dungeon (3/15)

Altars:
Elyvilon

Annotations:
D:3 Grinder


Innate Abilities, Weirdness & Mutations

Your experience applies equally to all skills.
You have very sharp teeth.
Your uncanny sense of smell can sniff out nearby items.


Message History

Grinder blinks!
Grinder gestures at you.
You barely resist.
Casting: Magic Dart (safe; 4% risk of failure)
Confirm with . or Enter, or press ? or * to list all spells.
Aiming: Magic Dart (safe; 4% risk of failure)
Press: ? - help, Shift-Dir - straight line, f/p - Grinder
Aim: Grinder (almost dead)
The magic dart hits Grinder.
Grinder is almost dead.
Grinder blinks!
Grinder hits you. Grinder gestures at you.
You suddenly lose the ability to move!
Grinder hits you.
You writhe in agony.
Grinder hits you.
You writhe in agony.
* * * LOW HITPOINT WARNING * * *
Grinder gestures at you. Pain shoots through your body!
You die...

................+...
#..........#.#...
#....###+#.......
.#######....# #.........
#...........###.#+#.....
........................
.....................#..
........###.............
.......@# #.........#...
......5.# ####......#...
........# ######....##..
........###.........+...
....................###.
..................### ..
..................# ...
..................###...
........................


You could see Grinder.

Vanquished Creatures
  An ogre (D:2)
  A gnoll (D:1)
  5 adders
  A worm (D:3)
  4 dart slugs
  2 leopard geckos
  4 giant cockroaches
  6 goblins
  10 hobgoblins
  3 jackals (D:1)
  4 kobolds
  A quokka (D:2)
  10 bats
  5 frilled lizards
  9 rats
66 creatures vanquished.

Notes
Turn   | Place    | Note
-------+----------+-------------------------------------------
     0 | D:1      | zishaf the Gnoll Wizard began the quest for the Orb.
     0 | D:1      | Reached XP level 1. HP: 13/13 MP: 8/8
   110 | D:1      | Reached XP level 2. HP: 19/19 MP: 8/10
   455 | D:1      | Reached XP level 3. HP: 25/25 MP: 0/11
   624 | D:1      | Learned a level 2 spell: Call Imp
   627 | D:1      | Learned a level 2 spell: Blink
   631 | D:1      | Learned a level 3 spell: Conjure Flame
   635 | D:1      | Learned a level 3 spell: Mephitic Cloud
   782 | D:1      | Reached skill level 1 in Invocations
  1103 | D:2      | Reached skill level 1 in Fighting
  1103 | D:2      | Reached skill level 1 in Short Blades
  1103 | D:2      | Reached skill level 1 in Long Blades
  1103 | D:2      | Reached skill level 1 in Axes
  1103 | D:2      | Reached skill level 1 in Maces & Flails
  1103 | D:2      | Reached skill level 1 in Polearms
  1103 | D:2      | Reached skill level 1 in Staves
  1103 | D:2      | Reached skill level 1 in Slings
  1103 | D:2      | Reached skill level 1 in Bows
  1103 | D:2      | Reached skill level 1 in Crossbows
  1103 | D:2      | Reached skill level 1 in Throwing
  1103 | D:2      | Reached skill level 1 in Armour
  1103 | D:2      | Reached skill level 1 in Shields
  1103 | D:2      | Reached skill level 1 in Unarmed Combat
  1103 | D:2      | Reached skill level 1 in Evocations
  1137 | D:2      | Found a white marble altar of Elyvilon.
  1152 | D:2      | Reached XP level 4. HP: 28/32 MP: 8/13
  1173 | D:2      | Became a worshipper of Elyvilon the Healer
  1564 | D:2      | Noticed an ogre
  1676 | D:2      | Killed an ogre
  1676 | D:2      | Reached skill level 1 in Hexes
  1676 | D:2      | Reached skill level 1 in Charms
  1676 | D:2      | Reached skill level 1 in Necromancy
  1676 | D:2      | Reached skill level 1 in Transmutations
  1676 | D:2      | Reached skill level 1 in Fire Magic
  1676 | D:2      | Reached skill level 1 in Ice Magic
  1676 | D:2      | Reached skill level 1 in Air Magic
  1676 | D:2      | Reached skill level 1 in Earth Magic
  1676 | D:2      | Reached skill level 1 in Poison Magic
  1676 | D:2      | Reached XP level 5. HP: 18/37 MP: 6/14
  2220 | D:3      | Reached * piety under Elyvilon
  2308 | D:3      | Noticed Grinder
  2321 | D:3      | Paralysed by Grinder for 3 turns
  2333 | D:3      | Paralysed by Grinder for 2 turns
  2348 | D:3      | Paralysed by Grinder for 6 turns
  2351 | D:3      | Killed from afar by Grinder

Vault maps used:
D:1:      dpeg_arrival_windows_large_door
D:2:      old_standard_altar, grunt_ministairs_13
D:3:      nicolae_qazlal_style_of_elements, uniq_grinder

Skill      XL: |  1  2  3  4 |
---------------+-------------+-----
Conjurations   | 2 |  2.4
Summonings     | 2 |  2.4
Translocations | 2 |  2.4
Invocations    | 1 |  1.8
Fighting       | 1 |  1.6
Short Blades   | 1 |  1.6
Long Blades    | 1 |  1.6
Axes           | 1 |  1.6
Maces & Flails | 1 |  1.6
Polearms       | 1 |  1.6
Staves         | 1 |  1.6
Slings         | 1 |  1.6
Bows           | 1 |  1.6
Crossbows      | 1 |  1.6
Throwing       | 1 |  1.6
Armour         | 1 |  1.6
Shields        | 1 |  1.6
Unarmed Combat | 1 |  1.6
Evocations     | 1 |  1.6
Hexes          | 1 |  1.3
Charms         | 1 |  1.3
Necromancy     | 1 |  1.3
Transmutations | 1 |  1.3
Fire Magic     | 1 |  1.3
Ice Magic      | 1 |  1.3
Air Magic      | 1 |  1.3
Earth Magic    | 1 |  1.3
Poison Magic   | 1 |  1.3
Dodging        | |  4.8
Stealth        | |  4.4
Spellcasting   | |  7.3

Action                   |  1- 3 |  4- 6 || total
-------------------------+-------+-------++-------
 Cast: Magic Dart        |    83 |   102 ||   185
       Conjure Flame     |       |     2 ||     2
  Eat: Chunk             |     1 |     3 ||     4
Armor: Leather armour    |     4 |       ||     4
Dodge: Dodged            |     6 |    10 ||    16

Table legend:
 A = Non-vault XP
 B = Vault XP
 C = Vault XP percentage of total XP
 D = Non-vault monster count
 E = Vault monster count
 F = Vault count percentage of total count
                 A         B        C        D         E       F
            +---------+---------+-------+---------+---------+-------
      Total |     298 |       5 |   1.7 |      64 |       2 |   3.0
            +---------+---------+-------+---------+---------+-------
        D:1 |      65 |       0 |   0.0 |      32 |       0 |   0.0
        D:2 |     175 |       5 |   2.8 |      19 |       2 |   9.5
        D:3 |      58 |       0 |   0.0 |      13 |       0 |   0.0
            +---------+---------+-------+---------+---------+-------
